[Event "Luc Bourbonnais mem. U1400"]
[Site "Gatineau CAN"]
[Date "2022.09.27"]
[Round "3"]
[White "Gratton, Constant"]
[Black "Simard, Paul"]
[Result "0-1"]
[ECO "B54"]
[WhiteElo "1278"]
[BlackElo "1255"]
[PlyCount "82"]
[EventDate "2022.09.13"]
[EventType "swiss"]
[EventRounds "5"]
[EventCountry "CAN"]
[TimeControl "60/30:0"]

1. e4 c5 2. Nf3 d6 3. d4 cxd4 4. Nxd4 g6 5. a3 Bg7 6. c3 Nf6 7. f3 O-O 8. Be2
a6 9. Be3 b5 10. O-O Bb7 11. c4 bxc4 12. Bxc4 Qd7 13. Nc3 Nc6 14. b4 Rac8 15.
Nd5 Nxd5 16. Bxd5 Nxd4 17. Bxd4 Bxd4+ 18. Qxd4 Bxd5 19. Qxd5 e6 20. Qd3 Qc6 21.
a4 Qb6+ 22. Kh1 Qxb4 23. Qxa6 Ra8 24. Rfb1 Qxb1+ 25. Rxb1 Rxa6 26. Ra1 Rc8 27.
h4 Rc4 28. a5 Rc5 29. Kh2 Rcxa5 30. Rb1 h5 31. g4 hxg4 32. fxg4 Ra2+ 33. Kg3 e5
34. Rf1 R6a3+ 35. Rf3 Rxf3+ 36. Kxf3 Kg7 37. h5 gxh5 38. gxh5 Kh6 39. Kg4 Re2
40. Kf5 Rf2+ 41. Kg4 Rf4+ 0-1

[Event "Luc Bourbonnais mem. U1400"]
[Site "Gatineau CAN"]
[Date "2022.10.04"]
[Round "4"]
[White "Bernard, Pierre-Luc"]
[Black "Simard, Paul"]
[Result "1-0"]
[ECO "B50"]
[WhiteElo "1258"]
[BlackElo "1255"]
[PlyCount "37"]
[EventDate "2022.09.13"]
[EventType "swiss"]
[EventRounds "5"]
[EventCountry "CAN"]
[TimeControl "60/30:0"]

1. e4 c5 2. Bc4 d6 3. Nf3 Nf6 4. Nc3 g6 5. O-O Bg7 6. Ng5 e6 7. Re1 O-O 8. d3
a6 9. e5 dxe5 10. Rxe5 Nfd7 11. Re1 b5 12. Bb3 Bb7 13. Nce4 Bxe4 14. Rxe4 Re8
15. Qf3 Ne5 16. Rxe5 f6 17. Rxe6 Rxe6 18. Nxe6 Qe7 19. Qxa8 1-0

[Event "Luc Bourbonnais mem. U1400"]
[Site "Gatineau CAN"]
[Date "2022.10.04"]
[Round "4"]
[White "Chartrand, Alexis"]
[Black "Levesque, Sabin"]
[Result "1-0"]
[ECO "A53"]
[WhiteElo "1107"]
[BlackElo "1034"]
[PlyCount "41"]
[EventDate "2022.09.13"]
[EventType "swiss"]
[EventRounds "5"]
[EventCountry "CAN"]
[TimeControl "60/30:0"]

1. d4 d6 2. c4 Nf6 3. Nf3 Nbd7 4. g3 e5 5. Bg2 Nb6 6. dxe5 d5 7. exf6 Qxf6 8.
cxd5 Bc5 9. Be3 Nd7 10. Bxc5 Nxc5 11. Qc2 Nd7 12. Bh3 O-O 13. Bxd7 Bxd7 14. Nc3
Rfe8 15. Ne4 c6 16. Nxf6+ gxf6 17. dxc6 bxc6 18. Qc5 Red8 19. Qe7 Bh3 20. Qxf6
Re8 21. Qxc6 1-0

[Event "Luc Bourbonnais mem. U1400"]
[Site "Gatineau CAN"]
[Date "2022.10.04"]
[Round "4"]
[White "Fiset, Daniel"]
[Black "Albert, Michel"]
[Result "0-1"]
[ECO "C10"]
[WhiteElo "1348"]
[BlackElo "1118"]
[PlyCount "58"]
[EventDate "2022.09.13"]
[EventType "swiss"]
[EventRounds "5"]
[EventCountry "CAN"]
[TimeControl "60/30:0"]

1. e4 e6 2. d4 d5 3. Nc3 c5 4. Nf3 a6 5. Be3 Bd6 6. dxc5 Bc7 7. exd5 exd5 8.
Nxd5 Nf6 9. Nxc7+ Qxc7 10. Bc4 O-O 11. O-O Nc6 12. Qe2 Bg4 13. Rad1 Rad8 14.
Rd3 Ne5 15. Rxd8 Rxd8 16. h3 Bh5 17. g4 Bxg4 18. hxg4 Nfxg4 19. Nxe5 Nxe5 20.
Bb3 Re8 21. Bd4 Kf8 22. Re1 f6 23. f4 Nf3+ 24. Qxf3 Rxe1+ 25. Kf2 Re8 26. Qg3
Qe7 27. Bc4 Qe1+ 28. Kg2 Qe4+ 29. Kh3 Qxd4 0-1

[Event "Luc Bourbonnais mem. U1400"]
[Site "Gatineau CAN"]
[Date "2022.10.04"]
[Round "4"]
[White "Jacques, Olivier"]
[Black "Vachon, Jean-Clement"]
[Result "1-0"]
[ECO "B01"]
[WhiteElo "1182"]
[BlackElo "1243"]
[PlyCount "97"]
[EventDate "2022.09.13"]
[EventType "swiss"]
[EventRounds "5"]
[EventCountry "CAN"]
[TimeControl "60/30:0"]

1. e4 d5 2. exd5 Qxd5 3. Nc3 Qa5 4. d4 Bf5 5. Nf3 Nf6 6. Bc4 e6 7. Bd2 c6 8.
Ne4 Qc7 9. Nxf6+ gxf6 10. Qe2 Nd7 11. O-O-O O-O-O 12. Nh4 Bg6 13. Bb3 Bd6 14.
g3 Rde8 15. Qf3 Re7 16. Rhe1 Rf8 17. Kb1 e5 18. Nxg6 fxg6 19. d5 c5 20. h4 f5
21. h5 e4 22. Qh1 Nf6 23. hxg6 hxg6 24. Bg5 Re5 25. f4 exf3 26. Rxe5 Bxe5 27.
Bxf6 Rxf6 28. Qxf3 Bxg3 29. Qh1 b5 30. c4 a6 31. a4 b4 32. Rg1 Rf8 33. Qh3 Be5
34. Rxg6 Kb7 35. Rh6 Qg7 36. Rh7 Rh8 37. Rxg7+ Bxg7 38. Qxf5 Rh1+ 39. Ka2 Bc3
40. bxc3 Rh2+ 41. Bc2 bxc3 42. Kb3 Kb6 43. Qf6+ Kb7 44. Qe7+ Ka8 45. d6 Rd2 46.
d7 Rxd7 47. Qxd7 a5 48. Be4+ Kb8 49. Qb7# 1-0

[Event "Luc Bourbonnais mem. U1400"]
[Site "Gatineau CAN"]
[Date "2022.10.04"]
[Round "4"]
[White "Roussel-Lewis, Mathieu"]
[Black "Gratton, Constant"]
[Result "1-0"]
[ECO "C61"]
[WhiteElo "1292"]
[BlackElo "1278"]
[PlyCount "49"]
[EventDate "2022.09.13"]
[EventType "swiss"]
[EventRounds "5"]
[EventCountry "CAN"]
[TimeControl "60/30:0"]

1. e4 e5 2. Nf3 Nc6 3. Bb5 Nd4 4. Nc3 c6 5. Bc4 Nf6 6. d3 Bd6 7. Be3 Nxf3+ 8.
Qxf3 O-O 9. d4 b5 10. Bd3 b4 11. Ne2 Qa5 12. O-O Ba6 13. Bxa6 Qxa6 14. c3 bxc3
15. bxc3 Rab8 16. Ng3 exd4 17. Bxd4 Be7 18. e5 Nd5 19. Nf5 Rb2 20. Qg4 g6 21.
c4 Rxa2 22. Rxa2 Qxa2 23. cxd5 Bb4 24. e6 fxe6 25. Nh6# 1-0

[Event "Luc Bourbonnais mem. U1400"]
[Site "Gatineau CAN"]
[Date "2022.10.11"]
[Round "5"]
[White "Gratton, Constant"]
[Black "Chenard, Paul"]
[Result "1-0"]
[ECO "C48"]
[WhiteElo "1278"]
[BlackElo "1072"]
[PlyCount "73"]
[EventDate "2022.09.13"]
[EventType "swiss"]
[EventRounds "5"]
[EventCountry "CAN"]
[TimeControl "60/30:0"]

1. e4 e5 2. Nf3 Nc6 3. Bb5 a6 4. Bxc6 bxc6 5. Nc3 Nf6 6. Nxe5 Qe7 7. d4 d5 8.
Nxc6 Qd6 9. Ne5 Bb7 10. exd5 Nxd5 11. O-O O-O-O 12. Nxf7 Qd7 13. Nxh8 Bd6 14.
Ng6 hxg6 15. Nxd5 Bxd5 16. a3 Bxh2+ 17. Kxh2 Rh8+ 18. Kg1 Qd6 19. f3 Qh2+ 20.
Kf2 Rh3 21. Bf4 Qxf4 22. gxh3 Qh2+ 23. Ke1 Qg3+ 24. Rf2 Qg1+ 25. Ke2 Bc4+ 26.
Ke3 Qg5+ 27. f4 Qe7+ 28. Kf3 Bd5+ 29. Kg3 Qe3+ 30. Rf3 Qe4 31. Qd3 Qe6 32. Qe3
Qd7 33. Re1 g5 34. Qe8+ Qxe8 35. Rxe8+ Kd7 36. Rfe3 Bf7 37. R8e7+ 1-0

[Event "Luc Bourbonnais mem. U1400"]
[Site "Gatineau CAN"]
[Date "2022.10.11"]
[Round "5"]
[White "Levesque, Sabin"]
[Black "Jacques, Olivier"]
[Result "0-1"]
[ECO "D00"]
[WhiteElo "1034"]
[BlackElo "1182"]
[PlyCount "60"]
[EventDate "2022.09.13"]
[EventType "swiss"]
[EventRounds "5"]
[EventCountry "CAN"]
[TimeControl "60/30:0"]

1. d4 d5 2. Nf3 c6 3. Bf4 Nf6 4. Nc3 Bf5 5. e3 e6 6. a3 Nbd7 7. Bd3 Bxd3 8.
cxd3 Be7 9. Ne5 O-O 10. O-O c5 11. Ng4 cxd4 12. Nb5 Rc8 13. Nxa7 Ra8 14. Qa4
Nxg4 15. Qxd4 Bf6 16. Qb4 Rxa7 17. Rac1 Qb6 18. Rc7 Qxb4 19. axb4 Nge5 20. Rfc1
Nxd3 21. Bd6 Nxc1 22. Rxd7 Ra1 23. h3 Rfa8 24. Rxb7 Nd3+ 25. Kh2 Be5+ 26. f4
Bxd6 27. b5 f6 28. Rd7 Bb8 29. b6 Nc5 30. Re7 Kf8 0-1

[Event "Luc Bourbonnais mem. U1400"]
[Site "Gatineau CAN"]
[Date "2022.10.11"]
[Round "5"]
[White "Simard, Paul"]
[Black "Roussel-Lewis, Mathieu"]
[Result "0-1"]
[ECO "D02"]
[WhiteElo "1255"]
[BlackElo "1292"]
[PlyCount "92"]
[EventDate "2022.09.13"]
[EventType "swiss"]
[EventRounds "5"]
[EventCountry "CAN"]
[TimeControl "60+30"]

1. d4 d5 2. Bf4 e6 3. Nf3 c5 4. e3 Nc6 5. c4 Nf6 6. h3 cxd4 7. Nxd4 Nxd4 8.
Qxd4 Bb4+ 9. Nd2 O-O 10. Be2 Ne4 11. cxd5 Bxd2+ 12. Kd1 Nxf2+ 13. Kxd2 Nxh1 14.
Rxh1 Qxd5 15. Qxd5 exd5 16. Rc1 Bf5 17. Rc5 Be4 18. g4 Rac8 19. Rxc8 Rxc8 20.
Bd1 Rd8 21. Ke2 d4 22. exd4 Rxd4 23. Bb3 Bc6 24. Be3 Re4 25. Kf2 a5 26. Bc2 Rb4
27. b3 Rb5 28. a4 Rd5 29. Kg3 b5 30. axb5 Rxb5 31. h4 Bd5 32. b4 axb4 33. g5 b3
34. Bxb3 Bxb3 35. Bf4 h6 36. gxh6 gxh6 37. Bd6 Rb4 38. Be5 Kh7 39. Bf4 Kg6 40.
Kf3 f5 41. Kg3 Kh5 42. Kf3 Bc2 43. Kg3 Rxf4 44. Kxf4 Kxh4 45. Ke5 Kg3 46. Kf6
f4 0-1

[Event "Luc Bourbonnais mem. U1400"]
[Site "Gatineau CAN"]
[Date "2022.10.11"]
[Round "5"]
[White "Sosa, Byron"]
[Black "Chartrand, Alexis"]
[Result "0-1"]
[ECO "B55"]
[WhiteElo "720"]
[BlackElo "1107"]
[PlyCount "56"]
[EventDate "2022.09.13"]
[EventType "swiss"]
[EventRounds "5"]
[EventCountry "CAN"]
[TimeControl "60/30:0"]

1. e4 c5 2. Nf3 d6 3. d4 cxd4 4. Nxd4 Nf6 5. Bc4 d5 6. Bb5+ Bd7 7. Nc3 e5 8.
Nf5 d4 9. Nxd4 Bxb5 10. Ndxb5 Qxd1+ 11. Kxd1 Kd8 12. f3 Nc6 13. Bg5 a6 14. Nd5
axb5 15. Nxf6 Be7 16. Nxh7 Rxh7 17. Bxe7+ Kxe7 18. Ke2 Nd4+ 19. Kf2 Nxc2 20.
Rac1 Rc8 21. Rhd1 Rxh2 22. Kg1 Rch8 23. Kf2 R8h3 24. Rxc2 Rh1 25. gxh3 Rh2+ 26.
Ke1 Rxc2 27. Rb1 Rh2 28. a3 Rh1+ 0-1

[Event "Luc Bourbonnais mem. U1400"]
[Site "Gatineau CAN"]
[Date "2022.10.11"]
[Round "5"]
[White "Yang, James"]
[Black "Bernard, Pierre-Luc"]
[Result "1/2-1/2"]
[ECO "A40"]
[WhiteElo "1300"]
[BlackElo "1258"]
[PlyCount "93"]
[EventDate "2022.09.13"]
[EventType "swiss"]
[EventRounds "5"]
[EventCountry "CAN"]
[TimeControl "60/30:0"]

1. d4 g6 2. e3 Bg7 3. Bc4 Nf6 4. Nf3 d6 5. h3 O-O 6. O-O Nc6 7. d5 Ne5 8. Nxe5
dxe5 9. e4 Nxe4 10. Re1 Nd6 11. Qd3 Bf5 12. Qb3 Nxc4 13. Qxc4 e6 14. Nc3 Bxc2
15. dxe6 Bd3 16. exf7+ Rxf7 17. Qb3 Ba6 18. Ne4 h6 19. Qg3 g5 20. Nc5 Qd5 21.
Nxa6 bxa6 22. b3 e4 23. Rb1 Raf8 24. Ba3 c5 25. Rbd1 Qf5 26. Rd2 Bc3 27. Qxc3
g4 28. Bxc5 Rc8 29. b4 gxh3 30. Qg3+ Qg5 31. gxh3 Qxg3+ 32. fxg3 Rf3 33. Rxe4
Rxg3+ 34. Rg2 Rxg2+ 35. Kxg2 a5 36. Bxa7 axb4 37. Rxb4 Rc2+ 38. Kg3 Rxa2 39.
Be3 Ra3 40. Kf4 Kh7 41. h4 Ra8 42. Rb6 Rf8+ 43. Ke5 Re8+ 44. Kf6 Rxe3 45. Rb7+
Kh8 46. Kg6 Re6+ 47. Kh5 1/2-1/2

[Event "Maritime Chess Festival op"]
[Site "Summerside CAN"]
[Date "2022.10.08"]
[Round "1"]
[White "Beloungie, Lance"]
[Black "Martinovsky, Ian"]
[Result "0-1"]
[ECO "A43"]
[WhiteElo "1801"]
[BlackElo "2108"]
[PlyCount "62"]
[EventDate "2022.10.08"]
[EventType "swiss"]
[EventRounds "6"]
[EventCountry "CAN"]
[TimeControl "5400+30"]

1. d4 c5 2. d5 f5 3. Bg5 Qb6 4. Qc1 Nf6 5. c4 Ne4 6. Bf4 Qb4+ 7. Nd2 d6 8. Ngf3
g6 9. a3 Qa5 10. Ng5 Nxg5 11. Bxg5 h6 12. Be3 Bg7 13. g3 b5 14. Rb1 bxc4 15.
Bg2 Ba6 16. O-O Qa4 17. Re1 Nd7 18. b3 cxb3 19. Nxb3 Rc8 20. Bd2 c4 21. Na1 c3
22. Be3 Ne5 23. Rb4 Qd7 24. Qc2 Nc4 25. Qd3 Nxe3 26. Qxa6 c2 27. Nb3 Nxg2 28.
Kxg2 O-O 29. Rb7 Rc7 30. Rb4 Rfc8 31. Nc1 Bc3 0-1

[Event "Maritime Chess Festival op"]
[Site "Summerside CAN"]
[Date "2022.10.08"]
[Round "1"]
[White "Cashin, Sean Ken"]
[Black "Desforges, Jean"]
[Result "0-1"]
[ECO "B04"]
[WhiteElo "1588"]
[BlackElo "2054"]
[PlyCount "96"]
[EventDate "2022.10.08"]
[EventType "swiss"]
[EventRounds "6"]
[EventCountry "CAN"]
[TimeControl "5400+30"]

1. e4 Nf6 2. e5 Nd5 3. d4 d6 4. c4 Nb6 5. Nf3 g6 6. b3 Bg7 7. Bb2 Nc6 8. Be2
Bg4 9. O-O dxe5 10. dxe5 Qxd1 11. Rxd1 Bxf3 12. gxf3 Nxe5 13. Nc3 Ned7 14. Rd2
c6 15. Rad1 O-O-O 16. f4 Nc5 17. Bf3 Rxd2 18. Rxd2 Rd8 19. Rxd8+ Kxd8 20. Ne4
Nxe4 21. Bxg7 Nd2 22. Bg2 f6 23. h4 a5 24. Bh6 f5 25. Bg7 a4 26. Bd4 Nd7 27.
bxa4 Nxc4 28. Kf1 Ncb6 29. a5 Nd5 30. Bxd5 cxd5 31. Ke2 Kc7 32. Kd3 Kc6 33. a4
Nc5+ 34. Bxc5 Kxc5 35. Kc3 d4+ 36. Kd3 Kd5 37. f3 Kc5 38. Kd2 Kb4 39. Kd3 Kxa5
40. Kxd4 Kxa4 41. Kc4 b5+ 42. Kc3 Ka3 43. Kc2 b4 44. Kb1 b3 45. Ka1 b2+ 46. Kb1
Kb3 47. h5 Kc3 48. h6 e6 0-1

[Event "Maritime Chess Festival op"]
[Site "Summerside CAN"]
[Date "2022.10.08"]
[Round "2"]
[White "Marchand, Calix"]
[Black "Manley, Jason"]
[Result "0-1"]
[ECO "C01"]
[WhiteElo "1708"]
[BlackElo "2076"]
[PlyCount "74"]
[EventDate "2022.10.08"]
[EventType "swiss"]
[EventRounds "6"]
[EventCountry "CAN"]
[TimeControl "5400+30"]

1. e4 e6 2. d4 d5 3. exd5 exd5 4. Bd3 Nc6 5. c3 Bd6 6. Nf3 Bg4 7. h3 Bh5 8. O-O
Nge7 9. Re1 Qd7 10. Nbd2 O-O-O 11. Qc2 Bg6 12. b4 Bxd3 13. Qxd3 Ng6 14. Nb3
Rde8 15. Be3 Nce7 16. Nc5 Bxc5 17. bxc5 f6 18. Rab1 Nc6 19. Rb2 Nd8 20. Reb1
Qc6 21. c4 Ne7 22. Nd2 g6 23. Qa3 a6 24. Nb3 dxc4 25. Na5 Qd5 26. Nxb7 Ndc6 27.
Qxa6 Kd7 28. Qb5 Ra8 29. a4 Rhb8 30. Bd2 Ra7 31. a5 Raxb7 32. Qxb7 Rxb7 33.
Rxb7 Qxd4 34. Be3 Qd3 35. a6 c3 36. a7 Nxa7 37. Rxa7 Qxb1+ 0-1

[Event "Maritime Chess Festival op"]
[Site "Summerside CAN"]
[Date "2022.10.09"]
[Round "3"]
[White "Bogle, Bill"]
[Black "Moreno Herrera, Rodrigo"]
[Result "0-1"]
[ECO "D00"]
[WhiteElo "2072"]
[BlackElo "1641"]
[PlyCount "106"]
[EventDate "2022.10.08"]
[EventType "swiss"]
[EventRounds "6"]
[EventCountry "CAN"]
[TimeControl "5400+30"]

1. d4 d5 2. Bf4 Nf6 3. e3 c5 4. c3 Nc6 5. Nd2 Bf5 6. Ngf3 Qb6 7. Nh4 Bc8 8. Qc2
Nh5 9. Bg3 Nxg3 10. hxg3 Bd7 11. Be2 Rc8 12. Qb3 c4 13. Qc2 e5 14. dxe5 Nxe5
15. Nhf3 Nxf3+ 16. Nxf3 g6 17. O-O Bg7 18. Rfd1 Bf5 19. Qd2 O-O 20. Nh4 Be6 21.
g4 Bf6 22. g3 Bxh4 23. gxh4 Qd8 24. Kg2 Qxh4 25. Rh1 Qe7 26. f4 Rce8 27. Qd4 f5
28. g5 b6 29. Bf3 Qg7 30. Rad1 Rf7 31. Kf2 Qxd4 32. Rxd4 Rd7 33. Rhd1 Red8 34.
Rh1 Kf8 35. Ke2 Bg8 36. Rhd1 Ke7 37. R1d2 b5 38. Rd1 a5 39. a3 Rd6 40. R4d2
R8d7 41. Kf2 Be6 42. Ke2 Kd8 43. e4 fxe4 44. Bxe4 dxe4 45. Rxd6 Bg4+ 46. Ke1
Bxd1 47. Rxd1 Rxd1+ 48. Kxd1 Kd7 49. Ke2 Ke6 50. Kd2 Kf5 51. a4 bxa4 52. Ke3 a3
53. bxa3 a4 0-1

[Event "Maritime Chess Festival op"]
[Site "Summerside CAN"]
[Date "2022.10.09"]
[Round "3"]
[White "Felix, Chris"]
[Black "Desforges, Jean"]
[Result "1/2-1/2"]
[ECO "B04"]
[WhiteElo "1770"]
[BlackElo "2054"]
[PlyCount "115"]
[EventDate "2022.10.08"]
[EventType "swiss"]
[EventRounds "6"]
[EventCountry "CAN"]
[TimeControl "5400+30"]

1. e4 Nf6 2. e5 Nd5 3. d4 d6 4. Nf3 g6 5. Bc4 Nb6 6. Bb3 Bg7 7. Ng5 d5 8. f4 f6
9. Nf3 O-O 10. O-O Nc6 11. Bd2 Bg4 12. Be1 fxe5 13. fxe5 Qd7 14. c3 Na5 15.
Nbd2 Bh6 16. Qe2 e6 17. h3 Bxf3 18. Rxf3 Rxf3 19. Nxf3 Nxb3 20. axb3 a6 21. Bd2
Bxd2 22. Qxd2 Qe7 23. Qg5 Qxg5 24. Nxg5 Re8 25. Rf1 h6 26. Nf3 Rf8 27. Nh4
Rxf1+ 28. Kxf1 Kf7 29. g4 a5 30. Nf3 a4 31. Nd2 axb3 32. Nxb3 Na4 33. Nc5 Nxb2
34. Ke2 b6 35. Na6 c6 36. Nb8 c5 37. Nd7 cxd4 38. cxd4 Nc4 39. Kd3 Ke7 40. Nf6
Kf7 41. Nd7 g5 42. Nf6 b5 43. Kc3 Ne3 44. Kb3 Kg6 45. Kc3 Nd1+ 46. Kb4 Nf2 47.
Kxb5 Nxh3 48. Kc6 Nf4 49. Kd6 Kf7 50. Kd7 Ne2 51. Nxd5 Nxd4 52. Nf6 Ne2 53. Kd6
Nf4 54. Kd7 Ng6 55. Kd6 Nf8 56. Ne4 Nh7 57. Nc5 Nf8 58. Ne4 1/2-1/2

[Event "Maritime Chess Festival op"]
[Site "Summerside CAN"]
[Date "2022.10.09"]
[Round "3"]
[White "Manley, Jason"]
[Black "Martinovsky, Ian"]
[Result "1/2-1/2"]
[ECO "C41"]
[WhiteElo "2076"]
[BlackElo "2108"]
[PlyCount "49"]
[EventDate "2022.10.08"]
[EventType "swiss"]
[EventRounds "6"]
[EventCountry "CAN"]
[TimeControl "5400+30"]

1. e4 e5 2. Nf3 Nf6 3. Nc3 d6 4. d4 Nbd7 5. Bc4 Be7 6. O-O O-O 7. a4 a5 8. h3
c6 9. Bb3 exd4 10. Nxd4 Nc5 11. Re1 Nxb3 12. Nxb3 Qc7 13. Be3 Re8 14. f4 d5 15.
exd5 Nxd5 16. Nxd5 cxd5 17. Nd4 Bd7 18. Qd3 Rac8 19. c3 Qc4 20. Qxc4 dxc4 21.
Nb5 Kf8 22. Bb6 Bc5+ 23. Bxc5+ Rxc5 24. Rxe8+ Bxe8 25. Nd4 1/2-1/2

[Event "Maritime Chess Festival op"]
[Site "Summerside CAN"]
[Date "2022.10.09"]
[Round "4"]
[White "Desforges, Jean"]
[Black "Zhang, Brian"]
[Result "0-1"]
[ECO "E01"]
[WhiteElo "2054"]
[BlackElo "1579"]
[PlyCount "52"]
[EventDate "2022.10.08"]
[EventType "swiss"]
[EventRounds "6"]
[EventCountry "CAN"]
[TimeControl "5400+30"]

1. d4 d5 2. c4 c6 3. Nf3 Nf6 4. Nc3 e6 5. g3 Nbd7 6. Bg2 dxc4 7. e4 b5 8. e5
Nd5 9. Ne4 Bb7 10. O-O h6 11. Nh4 Be7 12. f4 g6 13. Qe2 Qb6 14. Be3 O-O-O 15.
Nf3 Nxe3 16. Qxe3 c5 17. Kh1 cxd4 18. Nxd4 Nc5 19. Nc3 Bxg2+ 20. Kxg2 a6 21.
Nf3 Rd3 22. Qe2 Qc6 23. Rfe1 Rhd8 24. Ne4 Kc7 25. Nxc5 Rd2 26. Ne4 Qxe4 0-1

[Event "Maritime Chess Festival op"]
[Site "Summerside CAN"]
[Date "2022.10.09"]
[Round "4"]
[White "Martinovsky, Ian"]
[Black "Felix, Chris"]
[Result "1-0"]
[ECO "A18"]
[WhiteElo "2108"]
[BlackElo "1770"]
[PlyCount "79"]
[EventDate "2022.10.08"]
[EventType "swiss"]
[EventRounds "6"]
[EventCountry "CAN"]
[TimeControl "5400+30"]

1. c4 Nf6 2. Nc3 e6 3. e4 d5 4. e5 Ne4 5. Nxe4 dxe4 6. Qg4 f5 7. exf6 Qxf6 8.
Qxe4 Bc5 9. Nf3 Nc6 10. Bd3 Bd7 11. O-O O-O-O 12. a3 g5 13. h3 Nd4 14. Ne5 Nf5
15. Ng4 Qf7 16. Qf3 Bc6 17. Be4 Bxe4 18. Qxe4 Ng3 19. Qe5 Bd6 20. fxg3 Qxf1+
21. Kxf1 Bxe5 22. Nxe5 Rhf8+ 23. Ke2 Rf5 24. Nf3 h5 25. d4 g4 26. Nh4 Rf7 27.
Be3 Rg8 28. Rg1 Kd7 29. b4 c6 30. hxg4 hxg4 31. Bf4 Rf6 32. a4 a6 33. Rc1 Rc8
34. Bg5 Rf7 35. Ng6 Rf5 36. Ne5+ Kd6 37. Bf4 Ke7 38. Nxg4 Rd8 39. Ne3 Rf7 40.
Bg5+ 1-0

[Event "Maritime Chess Festival op"]
[Site "Summerside CAN"]
[Date "2022.10.09"]
[Round "4"]
[White "Moreno Herrera, Rodrigo"]
[Black "Manley, Jason"]
[Result "1-0"]
[ECO "C01"]
[WhiteElo "1641"]
[BlackElo "2076"]
[PlyCount "65"]
[EventDate "2022.10.08"]
[EventType "swiss"]
[EventRounds "6"]
[EventCountry "CAN"]
[TimeControl "5400+30"]

1. e4 e6 2. d4 d5 3. exd5 exd5 4. c4 c6 5. Nc3 Nf6 6. Nf3 Bg4 7. Qb3 Qe7+ 8.
Ne5 Be6 9. Bg5 h6 10. cxd5 Bxd5 11. Nxd5 cxd5 12. Bb5+ Nc6 13. O-O hxg5 14.
Nxc6 bxc6 15. Bxc6+ Kd8 16. Bxa8 Qd6 17. g3 Nd7 18. Qxd5 Qh6 19. Qg2 Bd6 20.
Rac1 Nb6 21. Bc6 f5 22. a4 f4 23. a5 g4 24. axb6 f3 25. Bxf3 gxf3 26. bxa7 fxg2
27. a8=Q+ Ke7 28. Qxg2 Qf6 29. Qb7+ Ke6 30. Rfe1+ Kf5 31. Qd5+ Kg4 32. Re4+ Kh3
33. Re6 1-0

[Event "Outaouais-ch"]
[Site "Gatineau CAN"]
[Date "2022.05.10"]
[Round "2"]
[White "Guimond, Michel"]
[Black "Dupont-Mageau, Nicolas"]
[Result "1-0"]
[ECO "B00"]
[WhiteElo "1936"]
[BlackElo "1732"]
[PlyCount "35"]
[EventDate "2022.05.03"]
[EventType "tourn"]
[EventRounds "7"]
[EventCountry "CAN"]
[TimeControl "90/30:0"]

1. e4 b6 2. d4 Bb7 3. Nc3 e6 4. Bd3 Nf6 5. f3 Bb4 6. Nge2 c5 7. a3 Bxc3+ 8.
Nxc3 cxd4 9. Nb5 O-O 10. Nd6 e5 11. f4 exf4 12. O-O Ba6 13. Bxa6 Nxa6 14. Bxf4
Nc5 15. Bg5 Qb8 16. Rxf6 Ne6 17. Rxe6 dxe6 18. Be7 1-0

[Event "Outaouais-ch Reserve"]
[Site "Gatineau CAN"]
[Date "2022.05.03"]
[Round "1"]
[White "Simard, Paul"]
[Black "Obayojie, Emmanuel"]
[Result "0-1"]
[ECO "D02"]
[WhiteElo "1252"]
[BlackElo "1670"]
[PlyCount "46"]
[EventDate "2022.05.03"]
[EventType "swiss"]
[EventRounds "7"]
[EventCountry "CAN"]
[TimeControl "90/30:0"]

1. d4 d5 2. Bf4 Nf6 3. e3 Nc6 4. Nf3 e6 5. Nbd2 Be7 6. c4 Bb4 7. a3 Bd6 8. Bxd6
Qxd6 9. Be2 O-O 10. O-O Re8 11. Re1 Ne4 12. c5 Qe7 13. Bd3 Ng5 14. Nxg5 Qxg5
15. Nf3 Qf6 16. Qc2 h6 17. b4 e5 18. dxe5 Nxe5 19. Nxe5 Rxe5 20. Rad1 Bh3 21.
gxh3 Qf3 22. Qe2 Rg5+ 23. Kf1 Qg2# 0-1

[Event "Outaouais-ch Reserve"]
[Site "Gatineau CAN"]
[Date "2022.05.10"]
[Round "2"]
[White "Brault, Jean-Francois"]
[Black "Bilodeau, Victor"]
[Result "0-1"]
[ECO "A30"]
[WhiteElo "1496"]
[BlackElo "1575"]
[PlyCount "100"]
[EventDate "2022.05.03"]
[EventType "swiss"]
[EventRounds "7"]
[EventCountry "CAN"]
[TimeControl "90/30:0"]

1. c4 c5 2. Nc3 Nc6 3. g3 b6 4. Bg2 Bb7 5. e3 g6 6. Nf3 Bg7 7. O-O Nf6 8. d4
cxd4 9. exd4 d6 10. Re1 O-O 11. Bg5 Re8 12. d5 Na5 13. Nd2 Ba6 14. b3 Nd7 15.
Rc1 f6 16. Be3 Ne5 17. Bf1 Bc8 18. Be2 Nb7 19. f4 Nf7 20. b4 Nh6 21. g4 f5 22.
h3 fxg4 23. hxg4 Qd7 24. Nb5 Rf8 25. Rf1 Nxg4 26. Bxg4 Qxg4+ 27. Qxg4 Bxg4 28.
Kg2 Nd8 29. Kg3 Bf5 30. Nd4 Bd7 31. Rf2 Nf7 32. N2f3 Nh6 33. Rh1 Ng4 34. Re2
Nxe3 35. Rxe3 Rf7 36. Ne6 Bxe6 37. dxe6 Rf6 38. Ng5 h5 39. Re4 Raf8 40. Nf7 Kh7
41. Ng5+ Kg8 42. Nf7 Rf5 43. Rd1 Rc8 44. Rd3 a5 45. b5 Rfc5 46. Kh4 Bf6+ 47.
Ng5 Rxc4 48. Rxc4 Rxc4 49. Kg3 Bxg5 50. fxg5 Rg4+ 0-1

[Event "Outaouais-ch Reserve"]
[Site "Gatineau CAN"]
[Date "2022.05.10"]
[Round "2"]
[White "Obayojie, Emmanuel"]
[Black "Thompson, Francis"]
[Result "0-1"]
[ECO "B54"]
[WhiteElo "1670"]
[BlackElo "1487"]
[PlyCount "97"]
[EventDate "2022.05.03"]
[EventType "swiss"]
[EventRounds "7"]
[EventCountry "CAN"]
[TimeControl "90/30:0"]

1. e4 c5 2. Nf3 d6 3. Bc4 Nc6 4. Nc3 e6 5. d4 cxd4 6. Nxd4 a6 7. O-O Be7 8.
Nxc6 bxc6 9. Qg4 g6 10. Be3 Nf6 11. Qe2 h5 12. Rad1 Qa5 13. f4 O-O 14. f5 d5
15. Bb3 Bc5 16. fxg6 fxg6 17. Bxc5 Qxc5+ 18. Kh1 Bd7 19. e5 Ng4 20. Rd2 Rxf1+
21. Qxf1 Rf8 22. Qe1 Nf2+ 23. Rxf2 Qxf2 24. Qxf2 Rxf2 25. Kg1 Rf5 26. Na4 Rxe5
27. Nb6 Be8 28. c3 Re2 29. Nc8 Rxb2 30. Nd6 Bd7 31. h3 h4 32. c4 Kf8 33. cxd5
cxd5 34. Nb7 Ke7 35. Nc5 Bb5 36. Nb7 Bc4 37. Na5 Bxb3 38. axb3 e5 39. b4 Ke6
40. Nb7 Rxb4 41. Nc5+ Kf5 42. Nxa6 Rb2 43. Nc7 d4 44. Nd5 e4 45. Kf1 e3 46.
Ne7+ Kg5 47. Nc6 d3 48. Kg1 Rb1+ 49. Kh2 0-1

[Event "Outaouais-ch Reserve"]
[Site "Gatineau CAN"]
[Date "2022.05.10"]
[Round "2"]
[White "Scantland, Patrick"]
[Black "Godbout, Elliott"]
[Result "1-0"]
[ECO "D51"]
[WhiteElo "1770"]
[BlackElo "1295"]
[PlyCount "73"]
[EventDate "2022.05.03"]
[EventType "swiss"]
[EventRounds "7"]
[EventCountry "CAN"]
[TimeControl "90/30:0"]

1. d4 Nf6 2. Nf3 e6 3. c4 d5 4. Nc3 Bb4 5. Bg5 h6 6. Bh4 Nbd7 7. Qc2 b6 8. Bxf6
Nxf6 9. Qa4+ Qd7 10. Qxb4 a5 11. Qb3 dxc4 12. Qc2 Bb7 13. e3 b5 14. Ne5 Qd6 15.
Nxb5 Qb4+ 16. Nc3 c5 17. a3 Qb3 18. Qxb3 cxb3 19. Bb5+ Ke7 20. O-O cxd4 21.
exd4 Rhd8 22. Rfd1 Nd5 23. Nxd5+ Bxd5 24. Rac1 f6 25. Rc7+ Kd6 26. Rd7+ Rxd7
27. Nxd7 a4 28. Rc1 Ra5 29. Rc5 Rxb5 30. Rxb5 Kxd7 31. Ra5 g5 32. Rxa4 Kc6 33.
g3 Be4 34. Kf1 Bd3+ 35. Ke1 Kd5 36. Kd2 Bc2 37. Ke3 1-0

[Event "Outaouais-ch Reserve"]
[Site "Gatineau CAN"]
[Date "2022.05.17"]
[Round "3"]
[White "Hamon, Vincent"]
[Black "Obayojie, Emmanuel"]
[Result "0-1"]
[ECO "A40"]
[WhiteElo "1313"]
[BlackElo "1670"]
[PlyCount "72"]
[EventDate "2022.05.03"]
[EventType "swiss"]
[EventRounds "7"]
[EventCountry "CAN"]
[TimeControl "90/30:0"]

1. d4 g6 2. Nc3 Bg7 3. Bf4 Nf6 4. e4 e6 5. e5 Nd5 6. Nxd5 exd5 7. Qd2 d6 8. Bg5
Qd7 9. Nf3 dxe5 10. Nxe5 Qe6 11. O-O-O f6 12. Bh6 O-O 13. Bxg7 Kxg7 14. Nf3 Nc6
15. h4 Qd6 16. Re1 h5 17. Bb5 Nb4 18. a3 a6 19. Qxb4 Qxb4 20. axb4 axb5 21.
Re7+ Rf7 22. Rhe1 Ra4 23. c3 Ra1+ 24. Kc2 Bf5+ 25. Kb3 Rxe1 26. Rxe1 Be4 27.
Re3 Bxf3 28. Rxf3 Re7 29. Re3 Rxe3 30. fxe3 g5 31. Kc2 gxh4 32. Kd2 Kg6 33. Ke2
Kg5 34. Kf3 f5 35. b3 b6 36. g3 h3 0-1